 Dungeon Crawl Stone Soup version 0.31-a0-516-gfcb59812bd (webtiles) character file.

Game seed: 6129410074527735390

1945 Sage1700 the Caller (level 9, 0/65 HPs)
             Began as a Human Summoner on Aug 10, 2023.
             Was an Initiate of Sif Muna.
             Killed from afar by a gargoyle (8 damage)
             ... with a stone arrow
             ... on level 7 of the Dungeon.
             The game lasted 01:12:24 (8415 turns).

Sage1700 the Caller (Human Summoner)                Turns: 8415, Time: 01:12:26

Health: 0/65       AC:  3    Str:  8    XL:     9   Next: 41%
Magic:  13/18      EV: 28    Int: 26    God:    Sif Muna [......]
Gold:   480        SH:  0    Dex: 14    Spells: 14/20 levels left

rFire   + + .        i - +0 whip (elec)
rCold   + . .        (no shield)
rNeg    . . .        y - +0 robe {rC+ rF+}
rPois   .            j - +1 hat
rElec   .            (no cloak)
rCorr   .            (no gloves)
SInv    .            (no boots)
Will    .....        x - amulet of the acrobat
Stlth   +++          k - ring of protection from fire
HPRegen 0.30/turn    w - +6 ring of intelligence
MPRegen 0.16/turn

%: acrobat
@: weak-willed, acrobatic
A: no striking features
a: Renounce Religion


You were on level 7 of the Dungeon.
You worshipped Sif Muna.
Sif Muna was noncommittal.
You visited 2 branches of the dungeon, and saw 8 of its levels.

You collected 480 gold pieces.

Inventory:

Hand Weapons
 i - a +0 whip of electrocution (weapon)
 s - a +2 dagger of draining
 C - a +1 flail of protection
Missiles
 l - 3 poisoned darts (quivered)
 m - 4 boomerangs
Armour
 e - a +2 kite shield
 j - a +1 hat (worn)
 y - a +0 robe of resistance (worn)
Jewellery
 k - a ring of protection from fire (left hand)
 w - a +6 ring of intelligence (right hand)
 x - an amulet of the acrobat (around neck)
Wands
 v - a wand of flame (47)
 z - a wand of quicksilver (4)
 A - a wand of mindburst (9)
 E - a wand of digging (7)
Scrolls
 d - a scroll of fog {unknown}
 f - 2 scrolls of enchant armour
 g - 2 scrolls of fear {unknown}
 n - 4 scrolls of identify
 q - a scroll of silence {unknown}
 D - a scroll of blinking {unknown}
Potions
 a - a potion of berserk rage {unknown}
 b - 2 potions of magic
 c - 2 potions of heal wounds
 o - a potion of haste
 p - a potion of cancellation {unknown}
 r - 2 potions of curing
 t - 2 potions of might
 u - 2 potions of brilliance
 B - a potion of enlightenment {unknown}


   Skills:
 - Level 3.8 Fighting
 * Level 0.1 Maces & Flails
 - Level 0.6 Throwing
 + Level 4.5 Dodging
 - Level 4.7 Stealth
 - Level 0.2 Unarmed Combat
 + Level 6.2 Spellcasting
 * Level 7.7 Summonings
 + Level 0.1 Invocations


You had 14 spell levels left.
You knew the following spells:

 Your Spells              Type           Power      Damage    Failure   Level
a - Summon Small Mammal   Summ           100%       N/A       1%          1
b - Call Imp              Summ           96%        N/A       1%          2
c - Call Canine Familiar  Summ           48%        N/A       1%          3

Your spell library contained the following spells:

 Spells                   Type           Power      Damage    Failure   Level
 Summon Guardian Golem    Hex/Summ       28%        N/A       4%          3
 Necrotise                Necr           32%        1d5       7%          1
 Slow                     Hex            32%        N/A       7%          1
 Blink                    Tloc           16%        N/A       11%         2
 Summon Ice Beast         Ice/Summ       28%        N/A       14%         4
 Summon Lightning Spire   Summ/Air       28%        N/A       14%         4
 Confusing Touch          Hex            8%         N/A       21%         3
 Vampiric Draining        Necr           8%         2d6       21%         3
 Summon Mana Viper        Hex/Summ       28%        N/A       36%         5
 Manifold Assault         Tloc           8%         N/A       56%         4
 Agony                    Necr           8%         N/A       88%         5
 Monstrous Menagerie      Summ           24%        N/A       94%         7
 Orb of Destruction       Conj           4%         9d5       100%        7
 Spellforged Servitor     Conj/Summ      14%        N/A       100%        7


Dungeon Overview and Level Annotations

Branches:
Dungeon (7/15)             Temple (1/1) D:6

Altars:
Ashenzari
Cheibriados
Dithmenos
Elyvilon
Gozag
Hepliaklqana
Kikubaaqudgha
Makhleb
Nemelex Xobeh
Okawaru
Qazlal
Ru
Sif Muna
Trog
Uskayaw
Vehumet
Wu Jian
Xom
Yredelemnul
Zin
The Shining One

Annotations:
D:4 exclusion: ogre
D:6 1 runed translucent door, bdfhjk's ghost, novice OpCj
D:7 exclusion: gargoyle


Message History

There is an open door here.
There is an open door here.
Partly explored, can't reach some places.
There is an open door here.
There is an open door here.
The gargoyle hurls a stone arrow at you.
The stone arrow misses you.
Casting: Call Canine Familiar (safe; 1% risk of failure)
Confirm with . or Enter, or press ? or * to list all spells.
Casting: Call Canine Familiar (safe; 1% risk of failure)
Confirm with . or Enter, or press ? or * to list all spells.
A tiny devil pulls itself out of the air.
Casting: Call Imp (safe; 1% risk of failure)
Confirm with . or Enter, or press ? or * to list all spells.
Your wolf bites the gargoyle but does no damage. x2
Your cerulean imp hits the gargoyle but does no damage.
As you read the scroll of vulnerability, it crumbles to dust.
Magic quickly surges around you.
Your wolf barely misses the gargoyle.
The gargoyle hits you with a +0 dire flail!
Your wolf bites the gargoyle.
Your cerulean imp hits the gargoyle but does no damage.
You hit the gargoyle.
The gargoyle is moderately damaged.
The gargoyle hurls a stone arrow at you.
The stone arrow hits you!!
Your wolf bites the gargoyle but does no damage.
Your cerulean imp hits the gargoyle but does no damage.
The gargoyle hurls a stone arrow at you.
The stone arrow hits you!!
* * * LOW HITPOINT WARNING * * *
Your wolf bites the gargoyle but does no damage.
Your quokka barely misses the gargoyle.
Your wolf barely misses the gargoyle.
Your cerulean imp hits the gargoyle but does no damage.
Your wolf bites the gargoyle.
Your quokka bites the gargoyle but does no damage.
Your wolf bites the gargoyle but does no damage.
Your cerulean imp hits the gargoyle with a +0 spear.
The gargoyle hurls a stone arrow at you.
The stone arrow hits you!
You die...

### .. .## #
####.##.######### #########
#...............## #.......#
##....##.######....
#.#####.####..5rh##.# #..##
#............@.9....# #..##
#.##.##..#####.###### #..##
#.##.##..# #.# #...#
#........# #.# #.#.#
#.#.####.# ##'## #....
#.#.####.# ##...## ###.#
#.....)..###.....## #####.#
###.)######.......## ##......
##.))####.........####...##.#


You could see a gargoyle (weak-willed, ally target), a friendly wolf (summoned,
weak-willed), a friendly cerulean imp (summoned, weak-willed) and a friendly
quokka (summoned, weak-willed).

Vanquished Creatures
  Pikel (D:5)
  2 bullfrogs
  Dowan (D:5)
  2 hounds
  An orc priest (D:7)
  A jelly (D:6)
  A sleepcap (D:5)
  An iguana (D:5)
  7 gnolls
  7 adders
  3 worms
  2 dart slugs
  5 orcs (D:3)
  6 ball pythons
  8 endoplasms
  7 giant cockroaches
  9 goblins
  2 hobgoblins
  4 kobolds
  3 bats
  2 frilled lizards
  6 rats
81 creatures vanquished.

Vanquished Creatures (collateral kills)
  Eustachio (D:5)
  Menkaure (D:5)
  Duvessa (D:5)
  An ogre (D:4)
  2 lemures (D:5)
  A kobold brigand (D:6)
  A bullfrog (D:6)
  A scorpion (D:5)
  A jelly (D:7)
  A hound (D:6)
  3 iguanas
  3 orc wizards
  2 adders
  3 ufetubi
  18 orcs
  A ball python (D:4)
  A hobgoblin (D:4)
  3 kobolds
  A quokka (D:4)
  A rat (D:2)
47 creatures vanquished.

Grand Total: 128 creatures vanquished

Notes
Turn   | Place    | Note
-------+----------+-------------------------------------------
     0 | D:1      | Sage1700 the Human Summoner began the quest for the Orb.
     0 | D:1      | Reached XP level 1. HP: 13/13 MP: 3/3
   234 | D:1      | Reached XP level 2. HP: 12/19 MP: 5/5
   358 | D:1      | Learned a level 2 spell: Call Imp
   554 | D:1      | Reached XP level 3. HP: 22/24 MP: 6/6
  1389 | D:2      | Reached XP level 4. HP: 23/30 MP: 6/8
  1511 | D:2      | Learned a level 3 spell: Call Canine Familiar
  2410 | D:4      | Reached skill level 5 in Summonings
  2410 | D:4      | Reached XP level 5. HP: 21/35 MP: 4/9
  3164 | D:3      | Noticed an ogre
  3317 | D:3      | Identified the +1 leather armour of Kocziady {Will+ Dex+2}
  3815 | D:4      | Reached XP level 6. HP: 40/41 MP: 8/12
  4185 | D:4      | Noticed an ogre
  4797 | D:5      | Entered Level 5 of the Dungeon
  4850 | D:5      | Noticed Dowan
  4851 | D:5      | Noticed Duvessa
  5181 | D:5      | Reached skill level 5 in Spellcasting
  5181 | D:5      | Reached XP level 7. HP: 31/46 MP: 8/14
  5403 | D:5      | Reached skill level 6 in Summonings
  5429 | D:5      | Killed Duvessa
  5430 | D:5      | Reached skill level 1 in Fighting
  5454 | D:5      | Killed Dowan
  5577 | D:5      | Noticed Eustachio
  5579 | D:5      | Noticed Pikel
  5754 | D:4      | Reached XP level 8. HP: 56/56 MP: 8/16
  5907 | D:5      | Noticed Menkaure
  5923 | D:5      | Killed Menkaure
  6303 | D:5      | Killed Pikel
  6353 | D:5      | Killed Eustachio
  6354 | D:5      | Reached skill level 7 in Summonings
  6354 | D:5      | Reached XP level 9. HP: 33/64 MP: 5/17
  6585 | D:6      | Found a runed translucent door.
  6596 | D:6      | Noticed bdfhjk's ghost (novice OpCj)
  7266 | D:6      | Found a staircase to the Ecumenical Temple.
  7496 | Temple   | Entered the Ecumenical Temple
  7529 | Temple   | Became a worshipper of Sif Muna the Loreminder
  7752 | D:7      | Noticed a gargoyle
  8415 | D:7      | Killed from afar by a gargoyle

Illustrated notes

Levels and vault maps discovered:
D:1:      kennysheep_arrival_seaside, layout_rooms
D:2:      layout_basic
D:3:      layout_basic
D:4:      nicolae_BIG_FREAKIN_CUBE, layout_gridville, serial_forest,
          infiniplex_forest_clump_C, infiniplex_forest_end_3,
          infiniplex_forest_end_2, infiniplex_forest_straight_3,
          infiniplex_forest_straight_3
D:5:      layout_basic, uniq_duvessa, uniq_pikel, uniq_menkaure, uniq_eustachio
D:6:      layout_loops_ring, minmay_temple_entry_statues, gammafunk_ghost_grave
D:7:      layout_loops_corners
Temple:   kilobyte_greek_temple

Skill      XL: |  1  2  3  4  5  6  7  8  9 |
---------------+----------------------------+-----
Spellcasting   | 3 4 5 6 |  6.2
Summonings     | 5 6 7 |  7.7
Fighting       | 2 3 |  3.8
Dodging        | 3 4 |  4.5
Stealth        | 3 4 |  4.7
Maces & Flails | |  0.1
Throwing       | |  0.6
Unarmed Combat | |  0.2
Invocations    | |  0.1

Action                     |  1- 3 |  4- 6 |  7- 9 || total
---------------------------+-------+-------+-------++-------
  Melee: Unarmed           |    11 |       |       ||    11
         Dagger            |    65 |    21 |       ||    86
         Club              |     5 |       |       ||     5
         Punch             |     1 |     2 |     3 ||     6
         Quarterstaff      |    18 |    20 |       ||    38
         Whip              |       |   159 |    85 ||   244
  Throw: Dart              |    18 |     2 |       ||    20
   Cast: Call Imp          |     1 |    15 |    15 ||    31
         Call Canine Famil |       |    13 |    21 ||    34
         Summon Small Mamm |       |     3 |    19 ||    22
    Use: Potion            |       |     2 |       ||     2
         Scroll            |       |     8 |     1 ||     9
   Stab: Sleeping          |     1 |     5 |     2 ||     8
         Distracted        |       |     2 |     1 ||     3
 Armour: Leather armour    |    26 |     3 |       ||    29
         Robe              |     2 |    28 |    25 ||    55
  Dodge: Dodged            |    48 |   164 |   106 ||   318

Table legend: (Time is in decaauts)
 A = Elapsed time spent in this place.
 B = Non-inter-level travel time spent in this place.
 C = Inter-level travel time spent in this place.
 D = Time resting spent in this place.
 E = Time spent auto-exploring this place.
 F = Levels seen in this place.
 G = Mean time per level.
                   A        B        C        D        E       F      G
               +--------+--------+--------+--------+--------+-----+--------+
         Total |   8460 |   7440 |   1020 |   1259 |   4499 |   8 | 1057.5 |
       Dungeon |   8396 |   7437 |    959 |   1259 |   4499 |   7 | 1199.4 |
        Temple |     63 |      2 |     61 |      0 |      0 |   1 |   63.0 |
               +--------+--------+--------+--------+--------+-----+--------+

Top non-repeatable levels by time:
     D:4: 1958 daAuts
     D:5: 1439 daAuts
     D:2: 1144 daAuts
     D:3: 1069 daAuts
     D:1: 992 daAuts
     D:6: 990 daAuts
     D:7: 803 daAuts
  Temple: 63 daAuts
